 Dungeon Crawl Stone Soup version 0.24.0-1-gfbc8707122 (webtiles) character file.

Game seed: 4991620374190510523, levelgen mode: deterministic

6107 Mrkan the Cleaver (level 10, -2/94 HPs)
             Began as a Deep Dwarf Fighter on Oct 28, 2019.
             Was an Elder of Elyvilon.
             Killed from afar by a gargoyle (6 damage)
             ... with a stone arrow
             ... on level 10 of the Dungeon.
             The game lasted 00:23:13 (8409 turns).

Mrkan the Cleaver (Deep Dwarf Fighter)              Turns: 8409, Time: 00:23:13

Health: -2/94      AC: 15    Str: 21    XL:     10   Next: 58%
Magic:  5/8        EV:  5    Int:  9    God:    Elyvilon [****..]
Gold:   532        SH: 11    Dex: 14    Spells: 9/9 levels left

rFire    . . .     SeeInvis .   a - +0 war axe
rCold    . . .     Gourm    .   c - +0 shield
rNeg     . . .     Faith    .   V - +0 plate armour
rPois    +         Spirit   .   (no helmet)
rElec    .         Reflect  .   O - +0 cloak
rCorr    +         Harm     .   F - +0 pair of gloves
MR       +....                  l - +0 pair of boots
Stlth    ..........             w - amulet of rage
HPRegen  0.00/turn              q - ring of resist corrosion
MPRegen  0.11/turn              N - ring of poison resistance

@: non-regenerating, studying Stealth
A: damage resistance, heal wounds, sense surroundings 2, no regeneration
a: Heal Wounds, Lesser Healing, Heal Other, Purification, Greater Healing,
Divine Protection, Renounce Religion, Evoke Berserk Rage


You were on level 10 of the Dungeon.
You worshipped Elyvilon.
Elyvilon was greatly pleased with you.
You were very hungry.

You visited 2 branches of the dungeon, and saw 11 of its levels.

You collected 669 gold pieces.
You spent 137 gold pieces at shops.

Inventory:

Hand Weapons
 a - a +0 war axe (weapon)
 B - a +7 flail of draining
Missiles
 h - 309 stones (quivered)
 k - 7 curare-tipped darts
 C - 8 poisoned darts
 U - 2 javelins
Armour
 c - a +0 shield (worn)
 l - a +0 pair of boots (worn)
 s - a scarf of repulsion
 F - a +0 pair of gloves (worn)
 O - a +0 cloak (worn)
 V - a +0 plate armour (worn)
Jewellery
 q - a ring of resist corrosion (left hand)
 w - an amulet of rage (around neck)
 I - an uncursed ring of stealth
 N - a ring of poison resistance (right hand)
 T - an uncursed ring of protection from cold {unknown}
Wands
 u - a wand of flame (8)
 E - a wand of paralysis (15)
 G - a wand of polymorph (18)
 R - a wand of digging (5)
Scrolls
 m - 5 scrolls of remove curse
 n - a scroll of enchant weapon {unknown}
 o - 2 scrolls of immolation {unknown}
 r - 4 scrolls of magic mapping
 t - 4 scrolls of amnesia
 v - a scroll of random uselessness {unknown}
 x - a scroll of noise {unknown}
 z - a scroll of fear {unknown}
 A - 4 scrolls of enchant armour
 H - 4 scrolls of teleportation {unknown}
 M - 5 scrolls of identify
Potions
 b - 2 potions of ambrosia {unknown}
 d - a potion of might
 e - 10 potions of curing
 g - a potion of cancellation {unknown}
 i - 2 potions of lignification {unknown}
 j - 3 potions of haste
 p - 4 potions of agility {unknown}
 D - 2 potions of degeneration {unknown}
 J - a potion of heal wounds {unknown}
 K - a potion of invisibility {unknown}
 L - a potion of flight {unknown}
 Q - a potion of brilliance {unknown}
 S - a potion of mutation {unknown}
Books
 y - a manual of Stealth
Comestibles
 f - 17 rations


   Skills:
 + Level 7.3 Fighting
 * Level 10.9 Axes
 - Level 4.2 Armour
 + Level 8.7 Shields
 + Level 8.9 Invocations


You had 9 spell levels left.
You didn't know any spells.
Your spell library contained the following spells:

 Spells                   Type           Power        Failure   Level  Hunger
 Corona                   Hex            #......      100%        1    ##.....
 Ensorcelled Hibernation  Hex/Ice        #.....       100%        2    ###....
 Confuse                  Hex            #.......     100%        3    ####...
 Dazzling Spray           Conj/Hex       #.....       100%        3    ####...
 Tukima's Dance           Hex            #.......     100%        3    ####...


Dungeon Overview and Level Annotations

Branches:
Dungeon (10/15)            Temple (1/1) D:4
   Lair: D:8-11         Orc: D:9-12

Altars:
Ashenzari
Cheibriados
Dithmenos
Elyvilon
Gozag
Hepliaklqana
Makhleb
Nemelex Xobeh
Qazlal
Ru
Sif Muna
Trog
Uskayaw
Vehumet
Wu Jian
Xom
Yredelemnul
Zin
The Shining One
Lugonu

Shops:
D:7 *   D:9 (

Annotations:
D:8 exclusion: statue


Innate Abilities, Weirdness & Mutations

You are resistant to damage.
You can heal yourself by infusing magical energy.
You passively map the area around you.
You do not regenerate.


Message History

The stone arrow hits you!
* * * LOW HITPOINT WARNING * * *
Your plate armour prevents you from hitting the gargoyle.
The gargoyle is almost destroyed.
The gargoyle hurls a stone arrow at you.
The stone arrow hits you!
* * * LOW HITPOINT WARNING * * *
You are healed.
You feel somewhat more hungry. The gargoyle hits you with a +0 mace.
* * * LOW HITPOINT WARNING * * *
You hit the gargoyle but do no damage.
The gargoyle is almost destroyed.
The gargoyle hurls a stone arrow at you.
The stone arrow hits you!
* * * LOW HITPOINT WARNING * * *
You completely miss the gargoyle.
The gargoyle is almost destroyed.
The gargoyle hurls a stone arrow at you.
The stone arrow hits you!
You die...

#########################
.........................
##...##....#..#......#...
..............#...#..#...
...###'#####............
#..9@...#............
###'##..+.....#..#..#
#...+..#........#...
#.#(#..#............ ,<,*
#. .#..#............ , #.
.#..#.#..#....... ,#.
.#..# #..#....... ,* #.
.#..# ..,#....... #.,.#
#.....##


You could see a gargoyle.

Vanquished Creatures
  Pikel (D:5)
  3 hippogriffs (D:10)
  A spriggan (D:8)
  2 hungry ghosts (D:9)
  Menkaure (D:7)
  Duvessa (D:7)
  Edmund (D:5)
  A soldier ant (D:6)
  An orc warrior (D:9)
  2 sky beasts (D:8)
  4 black bears
  2 ice beasts
  2 necrophages
  4 ogres
  3 centaurs
  2 bullfrogs
  2 big kobolds (D:10)
  Dowan (D:7)
  A wyvern skeleton (D:9)
  5 scorpions
  3 killer bees (D:9)
  2 vampire bats (D:5)
  11 wights
  8 howler monkeys
  4 crimson imps
  A bullfrog zombie (D:7)
  A quasit (D:9)
  A jelly (D:9)
  4 hounds
  2 orc priests (D:10)
  6 orc wizards
  Crazy Yiuf (D:7)
  A bullfrog skeleton (D:6)
  A centaur skeleton (D:9)
  Terence (D:3)
  4 worker ants
  3 iguanas
  3 worker ant zombies
  3 howler monkey skeletons
  9 adders
  A shadow imp (D:7)
  An adder zombie (D:8)
  2 adder skeletons
  2 worms (D:5)
  2 dart slugs (D:1)
  2 leopard geckos
  16 orcs
  12 bats
  5 giant cockroaches
  3 hobgoblins (D:1)
  9 jackals
  3 quokkas
  A ball python zombie (D:5)
  8 frilled lizards
  4 goblins
  12 kobolds
  6 rats (D:1)
198 creatures vanquished.

Vanquished Creatures (others)
  An adder skeleton (D:7)
1 creature vanquished.

Grand Total: 199 creatures vanquished

Notes
Turn   | Place    | Note
-------+----------+-------------------------------------------
     0 | D:1      | Mrkan the Deep Dwarf Fighter began the quest for the Orb.
     0 | D:1      | Reached XP level 1. HP: 20/20 MP: 1/1
   162 | D:1      | Reached XP level 2. HP: 22/27 MP: 2/2
   424 | D:1      | You fall into a shaft and drop 1 floor!
   968 | D:1      | Reached skill level 3 in Axes
   968 | D:1      | Reached XP level 3. HP: 25/34 MP: 3/3
  1834 | D:3      | Found an opulent altar of Gozag.
  2015 | D:3      | Noticed Terence
  2026 | D:3      | Killed Terence
  2026 | D:3      | Reached XP level 4. HP: 19/42 MP: 4/4
  2060 | D:3      | Found a sparkling altar of Nemelex Xobeh.
  2206 | D:4      | Reached skill level 4 in Axes
  2206 | D:4      | Reached XP level 5. HP: 49/49 MP: 4/4
  2217 | D:4      | Found a glowing golden altar of the Shining One.
  2387 | D:4      | Found a staircase to the Ecumenical Temple.
  2423 | Temple   | Entered the Ecumenical Temple
  2476 | Temple   | Became a worshipper of Elyvilon the Healer
  2664 | D:4      | Found a burning altar of Makhleb.
  2666 | D:4      | Noticed an Executioner
  2669 | D:4      | Found a glowing silver altar of Zin.
  2670 | D:4      | Noticed an angel
  2874 | D:4      | Found a basalt altar of Yredelemnul.
  2931 | D:5      | Entered Level 5 of the Dungeon
  3037 | D:5      | Reached skill level 1 in Invocations
  3077 | D:5      | Reached XP level 6. HP: 43/57 MP: 5/5
  3263 | D:5      | Reached skill level 5 in Axes
  3481 | D:5      | Noticed Edmund
  3503 | D:5      | Killed Edmund
  3503 | D:5      | Reached XP level 7. HP: 31/64 MP: 6/8
  3528 | D:5      | Found a snail-covered altar of Cheibriados.
  3612 | D:5      | Noticed Pikel
  3628 | D:5      | Killed Pikel
  3628 | D:5      | Reached skill level 6 in Axes
  3628 | D:5      | Reached skill level 5 in Shields
  3628 | D:5      | Reached XP level 8. HP: 22/73 MP: 8/10
  3631 | D:5      | Found a stormy altar of Qazlal.
  3814 | D:5      | Reached * piety under Elyvilon
  3837 | D:5      | Reached skill level 5 in Fighting
  4090 | D:6      | Reached skill level 5 in Invocations
  4121 | D:6      | Reached skill level 7 in Axes
  4791 | D:7      | Reached skill level 8 in Axes
  4791 | D:7      | Gained mutation: You passively map the area around you.
                  | [Deep Dwarf growth]
  4791 | D:7      | Reached XP level 9. HP: 43/82 MP: 11/11
  4824 | D:7      | Found Voareek's General Store.
  4864 | D:7      | Bought a scroll of enchant armour for 82 gold pieces
  4864 | D:7      | Bought a scroll of remove curse for 33 gold pieces
  4864 | D:7      | Bought a scroll of identify for 22 gold pieces
  4932 | D:7      | Noticed Menkaure
  4936 | D:7      | Noticed Duvessa
  4936 | D:7      | Noticed Dowan
  4941 | D:7      | Killed Menkaure
  4966 | D:7      | Killed Duvessa
  4990 | D:7      | Killed Dowan
  5005 | D:7      | Reached ** piety under Elyvilon
  5023 | D:7      | Found a runed translucent door.
  5024 | D:7      | Noticed Crazy Yiuf
  5177 | D:7      | Found a shimmering altar of Xom.
  5511 | D:7      | Reached skill level 9 in Axes
  5542 | D:7      | Found a bloodstained altar of Trog.
  5688 | D:7      | Killed Crazy Yiuf
  5744 | D:8      | Found a hide-covered altar of Uskayaw.
  5745 | D:8      | Noticed a +0 dagger
  5745 | D:8      | Noticed a +0 dagger
  6027 | D:8      | Found a radiant altar of Vehumet.
  6114 | D:8      | Reached *** piety under Elyvilon
  6186 | D:8      | Found a shimmering altar of Xom.
  6821 | D:9      | Reached XP level 10. HP: 36/92 MP: 10/10
  6869 | D:9      | Reached skill level 10 in Axes
  7089 | D:9      | Found an ornate altar of the Wu Jian Council.
  7227 | D:9      | Reached **** piety under Elyvilon
  7273 | D:9      | Found Gepeadil's Antique Weapon Shoppe.
  7469 | D:10     | Entered Level 10 of the Dungeon
  8374 | D:10     | Noticed a gargoyle
  8385 | D:10     | HP: 4/94 [gargoyle/stone arrow (25)]
  8391 | D:10     | HP: 3/94 [gargoyle/+0 mace (7)]
  8406 | D:10     | HP: 3/94 [gargoyle/stone arrow (13)]
  8409 | D:10     | Killed from afar by a gargoyle

Levels and vault maps discovered:
D:1:      onia_arrival_larder, layout_loops_corners,
          chequers_serial_rivers_small_b
D:2:      layout_basic, first_ration
D:3:      layout_rooms, nemelex_xobeh_ov_fountains_minmay,
          nicolae_gozag_cash_rules_everything_around_me, uniq_terence
D:4:      layout_loops_ring, grunt_temple_overflow_order_and_chaos_2,
          kennysheep_mini, tso_metal_star, temple_pool_b
D:5:      layout_loops_cross, kennysheep_little_box, grunt_qazlal_sundering,
          minmay_misc_feat_columns, grunt_ministairs_9, roderic_batcave,
          chequers_serial_rivers_large_a, minmay_manual_monstrance, uniq_edmund,
          uniq_pikel
D:6:      layout_rooms, nicolae_overflow_hidden_temple
D:7:      layout_basic, old_standard_altar, marbit_many_paths, serial_shops,
          shop, kennysheep_decorative_pillar, uniq_crazy_yiuf_cottage,
          uniq_duvessa, uniq_menkaure
D:8:      layout_layer_cave, dancing_weapons_uskayaw, vehumet_statue,
          grunt_pizzeria, grunt_decor_cap, xom_teletrap_fun
D:9:      cheibrodos_iron_armory, layout_cave_pools,
          nicolae_overflow_crystal_walls, serial_shops, nicolae_shop_crystal
D:10:     layout_stronghold
Temple:   corrupted_temple

Skill      XL: |  1  2  3  4  5  6  7  8  9 10 |
---------------+-------------------------------+-----
Fighting       | 3 4 5 6 7 |  7.3
Axes           | 3 4 5 6 8 9 10 | 10.9
Armour         | 4 |  4.2
Shields        | 4 5 6 7 8 |  8.7
Invocations    | 1 2 4 6 7 8 |  8.9

Action                   |  1- 3 |  4- 6 |  7- 9 | 10-12 || total
-------------------------+-------+-------+-------+-------++-------
Melee: War axe           |   114 |   144 |   466 |   213 ||   937
Invok: Lesser Healing    |       |       |     1 |       ||     1
       Greater Healing   |       |       |       |     4 ||     4
 Abil: Heal Wounds       |     1 |     2 |    12 |     3 ||    18
  Use: Scroll            |       |     5 |     1 |       ||     6
  Eat: Chunk             |     4 |     5 |     7 |     8 ||    24
       Ration            |       |       |     2 |     1 ||     3
Armor: Scale mail        |    45 |    81 |       |       ||   126
       Chain mail        |       |       |   186 |   113 ||   299
       Plate armour      |       |       |       |    34 ||    34
Dodge: Dodged            |    45 |    38 |   100 |    56 ||   239
       Deflected         |       |       |     4 |       ||     4
Block: Shield            |    55 |   104 |   228 |   164 ||   551
